 Dungeon Crawl Stone Soup version 0.19-a0-994-g3c636f0 (webtiles) character file.

78 mistymad the Ducker (level 4, -6/37 HPs)
             Began as a Merfolk Monk on July 15, 2016.
             Mangled by Crazy Yiuf
             ... wielding a +3 quarterstaff of chaos
              (14 damage)
             ... on level 2 of the Dungeon.
             The game lasted 00:02:44 (2049 turns).

mistymad the Ducker (Merfolk Monk)                  Turns: 2049, Time: 00:02:44

Health: -6/37      AC:  2    Str: 12    XL:     4   Next: 36%
Magic:  4/4        EV: 15    Int:  9    God:
Gold:   91         SH:  0    Dex: 16    Spells: 0 memorised, 3 levels left

rFire  + . .     SeeInvis .     a - +0 spear
rCold  + . .     Gourm    .     m - +0 robe {rC+ rF+}
rNeg   . . .     Faith    .     (no shield)
rPois  .         Spirit   .     (no helmet)
rElec  .         Dismiss  .     (no cloak)
rCorr  .         Reflect  .     (no gloves)
SustAt .         Harm     .     (no boots)
MR     .....                    (no amulet)
Stlth  ++........               (no ring)
                                (no ring)

@: very slightly contaminated, invisible (expiring), not resistant to hostile
enchantments, unstealthy
A: change form in water, swift swim
a: no special abilities


You were on level 2 of the Dungeon.
You were not hungry.

You visited 1 branch of the dungeon, and saw 2 of its levels.

You collected 91 gold pieces.

Inventory:

Hand Weapons
 a - a +0 spear (weapon)
Armour
 b - a +0 robe
 m - a +0 robe of resistance (worn)
Scrolls
 f - 2 scrolls of enchant weapon {unknown}
 i - a scroll of remove curse {unknown}
 j - a scroll of identify {unknown}
 l - a scroll of magic mapping {unknown}
Potions
 d - a potion of curing
 e - a potion of agility {unknown}
 g - a potion of degeneration {unknown}
Comestibles
 c - a bread ration
 h - a chunk of flesh
 k - a beef jerky


   Skills:
 + Level 4.0 Fighting
 + Level 5.2 Polearms
 + Level 5.4 Dodging
 - Level 2.1 Stealth


You had 3 spell levels left.
You didn't know any spells.

Dungeon Overview and Level Annotations

Branches:
Dungeon (2/15)

Altars:
Xom

Annotations:
D:2 Crazy Yiuf


Message History

There is an open door here.
You take 1 damage, and have 9/37 hp.
Attack whom?
Press: ? - help, Dir - move target cursor, f - Crazy Yiuf
Aim: Crazy Yiuf, wielding a quarterstaff of chaos and wearing an embroidered cloak (almost dead, hasn't noticed you)
You hit Crazy Yiuf but do no damage.
Crazy Yiuf is almost dead.
Crazy Yiuf hits you with a quarterstaff of chaos!
* * * LOW HITPOINT WARNING * * *
You take 7 damage, and have 2/37 hp.
Attack whom?
Press: ? - help, Dir - move target cursor, f/p - Crazy Yiuf
Aim: Crazy Yiuf, wielding a quarterstaff of chaos and wearing an embroidered cloak (almost dead)
You barely miss Crazy Yiuf.
Crazy Yiuf is almost dead.
* * * LOW HITPOINT WARNING * * *
You feel sick. Crazy Yiuf misses you.
It was a potion of curing.
You feel better.
Crazy Yiuf hits you with a quarterstaff of chaos!
You die...

...8...8...8).#
##..............
##..........#..
#########..#.# #..#.#
#..#.# #####
♣♣####..#.# #)..#♣♣
♣♣....#..#.#
#..g@.♣♣♣♣.....)..#.#
#...#♣..♣......##.#.#
#####♣♣♣.♣..........#
♣♣♣♣♣##..(.### ######


You could see Crazy Yiuf.

Vanquished Creatures
  Jessica (D:2)
  An adder (D:2)
  A dart slug (D:2)
  A giant gecko (D:1)
  2 giant cockroaches
  5 goblins
  4 hobgoblins
  3 jackals (D:2)
  A ball python (D:2)
  9 bats
  2 giant newts (D:1)
  4 kobolds
  9 rats
43 creatures vanquished.

Notes
Turn   | Place    | Note
-------+----------+-------------------------------------------
     0 | D:1      | mistymad the Merfolk Monk began the quest for the Orb.
     0 | D:1      | Reached XP level 1. HP: 18/18 MP: 1/1
   258 | D:1      | Reached XP level 2. HP: 5/24 MP: 2/2
  1413 | D:2      | Reached XP level 3. HP: 28/29 MP: 3/3
  1538 | D:2      | Found a shimmering altar of Xom.
  1547 | D:2      | Reached skill level 5 in Dodging
  1688 | D:2      | Reached skill level 5 in Polearms
  1798 | D:2      | Noticed Jessica
  1806 | D:2      | Killed Jessica
  1806 | D:2      | Reached XP level 4. HP: 25/37 MP: 4/4
  2025 | D:2      | Found a runed door.
  2029 | D:2      | Noticed Crazy Yiuf
  2049 | D:2      | Mangled by Crazy Yiuf

Vault maps used:
D:1:      evilmike_arrival_fibonacci_small, minmay_stone_trees_medium
D:2:      xom_butterflies, minmay_misc_feat_four_crosses,
          uniq_crazy_yiuf_cottage, uniq_terence, uniq_jessica

Skill      XL: |  1  2  3 |
---------------+----------+-----
Dodging        | 5 |  5.4
Polearms       | 5 |  5.2
Fighting       | 4 |  4.0
Stealth        | |  2.1

Action                   |  1- 3 |  4- 6 || total
-------------------------+-------+-------++-------
Melee: Spear             |   167 |    20 ||   187
  Use: Potion            |       |     1 ||     1
 Stab: Sleeping          |    10 |       ||    10
       Invisible         |       |     3 ||     3
  Eat: Chunk             |     3 |     1 ||     4
Armor: Robe              |    17 |       ||    17
Dodge: Dodged            |    82 |     8 ||    90
